 Dungeon Crawl Stone Soup version 0.20-a0-201-g851c6fa (webtiles) character file.

645 KristoblXynda the Chopper (level 7, -2/55 HPs)
             Began as a Black Draconian Gladiator on Nov 24, 2016.
             Was an Initiate of Yredelemnul.
             Killed by divine providence
             ... invoked by an orc priest
              (12 damage)
             ... on level 5 of the Dungeon.
             The game lasted 00:08:56 (5034 turns).

KristoblXynda the Chopper (DrGl)                    Turns: 5034, Time: 00:08:57

Health: -2/55      AC:  7    Str: 18    XL:     7   Next: 27%
Magic:  7/7        EV: 13    Int:  9    God:    Yredelemnul [......]
Gold:   7          SH:  0    Dex: 12    Spells: 6/6 levels left

rFire  . . .     SeeInvis .     a - +0 war axe
rCold  . . .     Gourm    .     (armour unavailable)
rNeg   . . .     Faith    .     (no shield)
rPois  .         Spirit   .     b - +0 hat
rElec  +         Reflect  .     (no cloak)
rCorr  .         Harm     .     r - +0 pair of gloves
MR     .....                    (no boots)
Stlth  +.........               (no amulet)
                                (no ring)
                                (no ring)

@: confused, short of breath, heavily drained
A: breathe lightning, unfitting armour, electricity resistance, cold-blooded, AC
+6
a: Breathe Lightning, Renounce Religion


You were on level 5 of the Dungeon.
You worshipped Yredelemnul.
Yredelemnul was noncommittal.
You were not hungry.

You visited 2 branches of the dungeon, and saw 6 of its levels.

You collected 194 gold pieces.
You spent 187 gold pieces at shops.

Inventory:

Hand Weapons
 a - a +0 war axe (weapon)
 y - a +1 whip of draining
Missiles
 c - 3 throwing nets (quivered)
Armour
 b - a +0 hat (worn)
 r - a +0 pair of gloves (worn)
Jewellery
 t - an uncursed ring of flight {unknown}
Scrolls
 e - a scroll of recharging {unknown}
 j - a scroll of amnesia {unknown}
 k - a scroll of enchant armour {unknown}
 l - 2 scrolls of enchant weapon {unknown}
 o - 3 scrolls of identify
 q - 3 scrolls of remove curse
 v - 2 scrolls of magic mapping {unknown}
 x - a scroll of teleportation {unknown}
Potions
 g - a potion of resistance {unknown}
 h - a potion of berserk rage {unknown}
 i - a potion of brilliance {unknown}
 n - a potion of mutation {unknown}
 p - 3 potions of haste {unknown}
 s - a potion of magic {unknown}
 w - a potion of ambrosia {unknown}
Books
 m - a book of Misfortune

   Spells                             Type                      Level
   a - Confusing Touch                Hexes                        1
   b - Confuse                        Hexes                        3
   c - Gell's Gravitas                Hexes/Translocation          3
   d - Petrify                        Transmutation/Earth          4
   e - Metabolic Englaciation         Hexes/Ice                    5
   f - Yara's Violent Unravelling     Hexes/Transmutation          5
Comestibles
 d - 3 bread rations
 u - a chunk of flesh


   Skills:
 - Level 2.1(0.5) Fighting
 * Level 6.6(4.8) Axes
 - Level 3.1(1.4) Throwing
 + Level 4.7(2.9) Dodging


You had 6 spell levels left.
You didn't know any spells.

Dungeon Overview and Level Annotations

Branches:
Dungeon (5/15)             Temple (1/1) D:4

Altars:
Cheibriados
Elyvilon
Fedhas
Gozag
Hepliaklqana
Kikubaaqudgha
Makhleb
Okawaru
Qazlal
Ru
Sif Muna
Yredelemnul
Zin

Shops:
D:4 (


Innate Abilities, Weirdness & Mutations

You can breathe wild blasts of lightning.
Your glossy black scales are hard. (AC +6)
You cannot fit into any form of body armour.
You are resistant to electric shocks. (rElec)
You are cold-blooded and may be slowed by cold attacks.


Message History

Something hits you.
You feel drained.
You hear some strange, mumbled words.
Something tries to affect you, but you resist.
You barely miss the orc priest.
The orc priest is almost dead.
You closely miss something. The orc priest hits you with a flail!
* * * LOW HITPOINT WARNING * * *
Something hits you.
* * * LOW HITPOINT WARNING * * *
You feel drained.
The orc priest hits you but does no damage.
Something hits you.
* * * LOW HITPOINT WARNING * * *
You feel drained.
You hear some strange, mumbled words.
You are confused.
The orc priest invokes the aid of Beogh against you.
Beogh smites you!
You die...
Your body rises from the dead as a mindless zombie.

.##############
.......#..)..>#########
.......#...o..@.......#
...........{..#######.#
..................#
..........o....##.#
......#.#.<....#
....#.#.#......# ..#
#..........# .
#..........#
#.#..........##


You could see an orc warrior and an orc priest.

Vanquished Creatures
  A sky beast (D:5)
  An ogre (D:4)
  An orc priest (D:3)
  2 hounds (D:4)
  3 orc wizards
  Ijyb (D:3)
  2 iguanas (D:4)
  A worker ant (D:3)
  6 adders
  A shadow imp (D:4)
  An ooze (D:2)
  An adder skeleton (D:4)
  2 dart slugs
  5 leopard geckos
  21 orcs
  9 bats
  4 giant cockroaches
  6 goblins
  7 hobgoblins
  3 jackals (D:2)
  4 quokkas
  A ball python (D:1)
  5 frilled lizards
  2 jackal skeletons (D:4)
  10 kobolds
  11 rats
111 creatures vanquished.

Notes
Turn   | Place    | Note
-------+----------+-------------------------------------------
     0 | D:1      | KristoblXynda the Draconian Gladiator began the quest for the Orb.
     0 | D:1      | Reached XP level 1. HP: 17/17 MP: 1/1
   363 | D:1      | Reached XP level 2. HP: 20/24 MP: 2/2
   930 | D:1      | Reached XP level 3. HP: 29/29 MP: 3/3
  1429 | D:2      | Reached skill level 4 in Axes
  1649 | D:2      | Reached XP level 4. HP: 32/36 MP: 4/4
  2097 | D:3      | HP: 1/36 [orc priest/nerve-wracking pain (13)]
  2326 | D:3      | Reached XP level 5. HP: 39/41 MP: 5/5
  2392 | D:3      | Noticed Ijyb
  2395 | D:3      | Found a basalt altar of Yredelemnul.
  2406 | D:3      | Killed Ijyb
  2523 | D:3      | Found a glowing silver altar of Zin.
  2790 | D:3      | Reached skill level 5 in Axes
  3153 | D:3      | Reached XP level 6. HP: 48/48 MP: 6/6
  3233 | D:3      | Became a worshipper of Yredelemnul the Dark
  3611 | D:4      | Found a staircase to the Ecumenical Temple.
  3656 | Temple   | Entered the Ecumenical Temple
  4001 | D:4      | Reached skill level 6 in Axes
  4292 | D:4      | Found Valyn's Antique Weapon Boutique.
  4334 | D:4      | Bought a glowing whip for 187 gold pieces
  4457 | D:5      | Entered Level 5 of the Dungeon
  4470 | D:4      | Your scales start taking on a glossy black colour.
  4470 | D:4      | Reached XP level 7. HP: 30/55 MP: 7/7
  4470 | D:4      | Gained mutation: You are resistant to electric shocks. (rElec) [Black Draconian growth]
  5034 | D:5      | Killed from afar by an orc priest

Vault maps used:
D:1:      dpeg_arrival_tiny_a
D:2:      serial_glass, glass_columns_c, glass_columns_b
D:3:      lemuel_coloured_pillars_altar, nicolae_overflow_crystal_walls,
          first_bread, hangedman_feature_mirror, minmay_misc_feat_encased,
          hex_tiny, minivault_26, uniq_iyjb
D:4:      serial_shops, nicolae_shop_window_shopping, grunt_decor_clamped,
          kennysheep_generic_room_2
D:5:      serial_shops, shop, kennysheep_small_square, uniq_sigmund
Temple:   minmay_freezing_vapour_temple

Skill      XL: |  1  2  3  4  5  6 |
---------------+-------------------+-----
Dodging        | 3 4 |  4.7
Throwing       | 2 3 |  3.1
Axes           | 4 5 6 |  6.6
Fighting       | |  2.1

Action                   |  1- 3 |  4- 6 |  7- 9 || total
-------------------------+-------+-------+-------++-------
Melee: War axe           |   128 |   181 |    66 ||   375
       Tailslap          |    14 |    22 |     8 ||    44
 Abil: Breathe Lightning |       |       |     3 ||     3
  Use: Scroll            |       |     7 |       ||     7
       Potion            |       |     3 |     2 ||     5
  Eat: Chunk             |     3 |       |       ||     3
       Pizza             |       |     1 |       ||     1
       Bread ration      |       |     1 |       ||     1
       Beef jerky        |       |     1 |       ||     1
       Meat ration       |       |     1 |       ||     1
Armor: Skin              |    59 |    60 |    19 ||   138
Dodge: Dodged            |   131 |   119 |    51 ||   301
